 Dungeon Crawl Stone Soup version 0.18.1-8-gdd0e5ea (webtiles) character file.

1945 Hipnos the Geomancer (level 9, -8/47 HPs)
             Began as a Gargoyle Earth Elementalist on May 24, 2016.
             Was a Follower of Vehumet.
             Mangled by an orc warrior
             ... wielding a +0 glaive
              (14 damage)
             ... on level 7 of the Dungeon.
             The game lasted 00:25:30 (5579 turns).

Hipnos the Geomancer (Gargoyle Earth Elementalist)  Turns: 5579, Time: 00:25:31

Health: -8/47      AC: 11    Str: 16    XL:     9   Next: 18%
Magic:  0/20       EV: 13    Int: 21    God:    Vehumet [*.....]
Gold:   208        SH:  0    Dex: 13    Spells: 5 memorised, 8 levels left

rFire  . . .     SeeInvis .     b - 80 stones
rCold  . . .     Gourm    .     a - +0 robe
rNeg   + . .     Faith    .     (no shield)
rPois  ∞         Spirit   +     p - +0 helmet
rElec  +         Dismiss  .     (no cloak)
rCorr  .         Reflect  .     v - +2 pair of gloves of Zufud {Str+4 Int+2}
SustAt .         Harm     .     (no boots)
MR     .....                    l - amulet of guardian spirit
Stlth  ++........               (no ring)
                                y - +3 ring of dexterity

@: not resistant to hostile enchantments, unstealthy
A: negative energy resistance 1, electricity resistance, unbreathing,
petrification resistance, rot immunity, AC +5
a: Renounce Religion


You were on level 7 of the Dungeon.
You worshipped Vehumet.
Vehumet was aware of your devotion.
You were not hungry.

You visited 1 branch of the dungeon, and saw 7 of its levels.
You also visited: Sewer.

You collected 431 gold pieces.
You spent 223 gold pieces at shops.

Inventory:

Hand Weapons
 o - a +0 whip
 D - a +1 flail of protection
Missiles
 b - 80 stones (in hand)
Armour
 a - a +0 robe (worn)
 p - a +0 helmet (worn)
 v - the +2 pair of gloves of Zufud (worn) {Str+4 Int+2}
   (You bought it in a shop on level 5 of the Dungeon)

   It affects your strength (+4).
   It affects your intelligence (+2).
Jewellery
 l - an amulet of guardian spirit (around neck)
 y - a +3 ring of dexterity (left hand)
Wands
 w - a wand of random effects (40/48)
Scrolls
 f - 5 scrolls of magic mapping
 g - 6 scrolls of fog
 k - 2 scrolls of random uselessness
 m - a scroll of recharging
 n - a scroll of enchant armour
 q - a scroll of fear
 r - 2 scrolls of amnesia
 s - 3 scrolls of teleportation
 u - 4 scrolls of remove curse {unknown}
 z - 3 scrolls of identify
Potions
 e - 5 potions of curing
 h - 5 potions of haste
 t - a potion of magic
 C - a potion of mutation {unknown}
Books
 c - a book of Geomancy

   Spells                             Type                      Level
   a - Sandblast                      Earth                        1
   b - Passwall                       Transmutation/Earth          2
   c - Stone Arrow                    Conjuration/Earth            3
   d - Petrify                        Transmutation/Earth          4
   e - Lee's Rapid Deconstruction     Earth                        5
Comestibles
 d - 3 bread rations
 i - 3 chunks of flesh
 j - a beef jerky
 x - 2 meat rations


   Skills:
 + Level 1.2 Fighting
 + Level 3.4 Dodging
 - Level 2.1 Stealth
 + Level 7.5 Spellcasting
 - Level 0.7 Transmutations
 + Level 9.7 Earth Magic


You had 8 spell levels left.
You knew the following spells:

 Your Spells              Type           Power        Failure   Level  Hunger
a - Sandblast             Erth           #####.       1%          1    None
b - Passwall              Trmt/Erth      ####......   1%          2    None
c - Stone Arrow           Conj/Erth      ####..       3%          3    None
d - Petrify               Trmt/Erth      ####....     12%         4    ###....
e - Lee's Rapid Deconstr  Erth           #####.....   4%          5    #####..


Dungeon Overview and Level Annotations

Branches:
Dungeon (7/15)             Temple (0/1) D:5

Altars:
Cheibriados
Elyvilon
Fedhas
Gozag
Kikubaaqudgha
Makhleb
Okawaru
Pakellas
Qazlal
Ru
Vehumet
Xom

Shops:
D:5 ??[   D:6 *

Annotations:
D:6 Grinder


Innate Abilities, Weirdness & Mutations

You are resistant to torment.
Your stone body is resilient (AC +5).
You are immune to poison.
You resist negative energy.
You are resistant to electric shocks.
You can survive without breathing.
You are immune to petrification.
You are immune to rotting.


Message History

The orc warrior is severely wounded.
The orc warrior hits you from afar with a glaive!
The orc warrior barely misses you.
An orc comes into view.
An orc priest comes into view. It is wielding a short sword.
The orc priest moves out of view.
An orc comes into view. It is wielding a club.
The orc shouts!
An orc comes into view. It is wielding a flail.
Casting: Sandblast
Confirm with . or Enter, or press ? or * to list all spells.
Aiming: Sandblast
Press: ? - help, Shift-Dir - straight line, f/p - orc warrior
Aim: an orc warrior, wielding a glaive and wearing a plate armour (severely wounded)
Okay, then.
Unknown command.
The orc warrior hits you with a glaive!
* * * LOW HITPOINT WARNING * * *
The orc warrior hits you from afar with a glaive!
You die...

.......######*,*** #.§yy# *,,
.......)....#*,,,* #.yy§# ###
#####.......####+##########
#.. #.................# #.#
#...o.............# #######(#
#....)............# #....)..#
#....o.......o....###.......#
#).......o..........#.......#
#%......####@###....#..[....#
######### ### #...........##
#...........#* #...........#*
#...........+, #####.......#*
#...#####* #...# * #...# *


You could see an orc warrior, an orc priest (wandering) and an orc.

Vanquished Creatures
  The ghost of georgeearnest the Ruffian, an amateur DrMo (D:4)
  Eustachio (D:5)
  Edmund (D:6)
  An ice beast (D:7)
  3 centaurs
  An ogre (D:6)
  Blork the orc (D:7)
  3 giant frogs
  2 killer bees (D:7)
  A hound (D:5)
  3 orc priests
  2 orc wizards (D:6)
  Natasha (D:3)
  4 worker ants
  A killer bee zombie (D:5)
  4 gnolls (D:7)
  20 adders
  2 river rats
  A shadow imp (D:5)
  3 oozes
  An adder zombie (D:5)
  3 worms
  2 giant geckos
  14 orcs
  5 giant cockroaches
  3 goblins
  8 hobgoblins
  10 jackals
  6 kobolds
  5 quokkas
  8 ball pythons
  6 bats
  5 giant newts
  33 rats
165 creatures vanquished.

Notes
Turn   | Place    | Note
--------------------------------------------------------------
     0 | D:1      | Hipnos the Gargoyle Earth Elementalist began the quest for the Orb.
     0 | D:1      | Reached XP level 1. HP: 10/10 MP: 3/3
   153 | D:1      | Reached skill level 4 in Earth Magic
   308 | D:1      | Reached XP level 2. HP: 15/15 MP: 3/5
   390 | D:1      | Learned a level 2 spell: Passwall
   438 | D:1      | Found a snail-covered altar of Cheibriados.
  1115 | D:2      | Reached XP level 3. HP: 19/19 MP: 3/6
  1249 | D:2      | Reached skill level 5 in Earth Magic
  1250 | D:2      | Reached XP level 4. HP: 24/24 MP: 3/8
  1904 | D:3      | Found a snail-covered altar of Cheibriados.
  1918 | D:3      | Found an oddly glowing altar of Pakellas.
  2069 | D:3      | Reached XP level 5. HP: 28/28 MP: 5/10
  2226 | D:3      | Found a glowing drain.
  2230 | Sewer    | Entered a sewer
  2280 | Sewer    | Learned a level 3 spell: Stone Arrow
  2285 | Sewer    | Learned a level 4 spell: Petrify
  2494 | Sewer    | Reached skill level 6 in Earth Magic
  2577 | Sewer    | Reached XP level 6. HP: 32/32 MP: 10/12
  2982 | Sewer    | Reached XP level 7. HP: 18/36 MP: 4/14
  3136 | Sewer    | Learned a level 5 spell: Lee's Rapid Deconstruction
  3337 | D:3      | Reached skill level 5 in Spellcasting
  3337 | D:3      | Reached skill level 7 in Earth Magic
  3644 | D:4      | Noticed georgeearnest's ghost (amateur DrMo)
  3653 | D:5      | Entered Level 5 of the Dungeon
  3656 | D:5      | Found Roylihal's Magic Scroll Boutique.
  3665 | D:5      | Found Keyrph's Antique Armour Shoppe.
  3669 | D:5      | Bought a scroll of identify for 26 gold pieces
  3669 | D:5      | Bought a scroll of identify for 26 gold pieces
  3680 | D:5      | Bought a pair of slimy gloves for 171 gold pieces
  3685 | D:5      | Identified the +2 pair of gloves of Zufud {Str+4 Int+2} (You bought it in a shop on level 5 of the Dungeon)
  3747 | D:5      | Found a shimmering altar of Xom.
  3748 | D:5      | Found an ancient bone altar of Kikubaaqudgha.
  3751 | D:5      | Found an iron altar of Okawaru.
  3752 | D:5      | Found a burning altar of Makhleb.
  3752 | D:5      | Found a white marble altar of Elyvilon.
  3755 | D:5      | Found a radiant altar of Vehumet.
  3764 | D:5      | Became a worshipper of Vehumet
  3870 | D:5      | Noticed Eustachio
  3877 | D:5      | Killed Eustachio
  3891 | D:5      | Found a staircase to the Ecumenical Temple.
  4018 | D:5      | Reached skill level 8 in Earth Magic
  4018 | D:5      | Reached XP level 8. HP: 17/42 MP: 2/17
  4138 | D:5      | Found Zeich's Magic Scroll Boutique.
  4160 | D:5      | Found a blossoming altar of Fedhas.
  4163 | D:5      | Found a stormy altar of Qazlal.
  4419 | D:6      | Noticed Grinder
  4425 | D:6      | Noticed Edmund
  4479 | D:4      | Noticed Natasha
  4497 | D:3      | Killed Natasha
  4884 | D:4      | Killed georgeearnest's ghost
  4988 | D:6      | Reached skill level 1 in Fighting
  4988 | D:6      | Reached skill level 9 in Earth Magic
  4993 | D:6      | Reached * piety under Vehumet
  4993 | D:6      | Offered knowledge of Shock by Vehumet.
  5048 | D:6      | Found an opulent altar of Gozag.
  5049 | D:6      | Found Gozag's Platinum Reserve.
  5113 | D:6      | Found a sacrificial altar of Ru.
  5147 | D:6      | Killed Edmund
  5174 | D:6      | Noticed Blork the orc
  5218 | D:7      | Killed Blork the orc
  5337 | D:7      | Reached XP level 9. HP: 44/47 MP: 9/20
  5579 | D:7      | Mangled by an orc warrior

Skill      XL: |  1  2  3  4  5  6  7  8  9 |
---------------+----------------------------+-----
Earth Magic    | 4 5 6 8 9 |  9.7
Spellcasting   | 3 4 6 7 |  7.5
Dodging        | 2 3 |  3.4
Fighting       | 1 |  1.2
Stealth        | |  2.1
Transmutations | |  0.7

Action                   |  1- 3 |  4- 6 |  7- 9 || total
-------------------------+-------+-------+-------++-------
Melee: Flail             |       |       |    41 ||    41
 Cast: Sandblast         |    40 |   132 |   118 ||   290
       Petrify           |       |       |     4 ||     4
       Stone Arrow       |       |       |     7 ||     7
  Use: Scroll            |       |     4 |     8 ||    12
       Potion            |       |       |     6 ||     6
 Stab: Distracted        |       |       |     1 ||     1
       Invisible         |       |       |     2 ||     2
  Eat: Chunk             |     1 |     6 |     9 ||    16
Armor: Robe              |     7 |    49 |   111 ||   167
Dodge: Dodged            |    14 |    71 |   173 ||   258
